 Dungeon Crawl Stone Soup version 0.29.1-4-g47bece8355 (webtiles) character file.

Game seed: 2507773062154559382

10741 javelincjr the Thaumaturge (level 11, -4/74 HPs)
             Began as a Djinni Conjurer on Dec 9, 2022.
             Was an Elder of Qazlal.
             Slain by a white ugly thing (46 damage)
             ... on level 10 of the Dungeon.
             The game lasted 01:22:49 (10422 turns).

javelincjr the Thaumaturge (Djinni Conjurer)       Turns: 10422, Time: 01:22:53

Health: -4/74      AC: 14    Str:  9    XL:     11   Next: 98%
Gold:   603        EV: 13    Int: 26    God:    Qazlal [****..] SH:  5 Dex: 17

rFire   + + .      SeeInvis .   D - +8 hand axe "Jefoahum" {pain, rPois rC- rN+++ Dex+4}
rCold   x x .      Faith    .   (no shield)
rNeg    + + +      Spirit   .   Q - +8 ring mail of Sutoirin {Str+3}
rPois   ∞          Reflect  .   (no helmet)
rElec   .          Harm     .   M - scarf {shadows}
rCorr   +          Rampage  .   J - +0 pair of gloves
Will    ++...                   (boots unavailable)
Stlth   ++........              h - amulet of Arrival {rN+ Regen+}
HPRegen 1.02/turn               n - ring of willpower
MPRegen 0.00/turn               H - ring "Fylonan" {rN+ rCorr Int+3}

@: flying, repel missiles
A: sickness immunity, fire resistance 2, cold vulnerability 1, float, innate
caster, HP casting, extra vitality 1
a: Renounce Religion, Upheaval, Elemental Force


You were on level 10 of the Dungeon.
You worshipped Qazlal.
Qazlal was greatly pleased with you.
You visited 2 branches of the dungeon, and saw 11 of its levels.
You also visited: Sewer.

You collected 603 gold pieces.

Inventory:

Hand Weapons
 e - a +2 short sword of venom
 f - a +2 spear of freezing
 g - a +0 short sword of protection
 m - a +2 spear of venom
 o - a +2 dagger of flaming
 x - a +5 spear
 B - a +1 short sword of draining
 D - the +8 hand axe "Jefoahum" (weapon) {pain, rPois rC- rN+++ Dex+4}
   (You found it on level 7 of the Dungeon)

   In the hands of one skilled in necromantic magic, it inflicts extra damage on
   living creatures.
   Your inability to study Necromancy prevents you from drawing on the full
   power of this weapon.
   Dex:       It affects your dexterity (+4).
   rC:        It makes you vulnerable to cold.
   rPois:     It protects you from poison.
   rN:        It renders you almost immune to negative energy.
 I - a +2 flail of holy wrath
 L - a +4 trident of protection
Missiles
 p - 8 javelins
 q - 3 throwing nets
 r - 4 boomerangs
 s - 2 curare-tipped darts
 t - 32 poisoned darts
Armour
 a - a +1 robe
 J - a +0 pair of gloves (worn)
 M - a scarf of shadows (worn)
 Q - the +8 ring mail of Sutoirin (worn) {Str+3}
   (You found it on level 9 of the Dungeon)

   Str:       It affects your strength (+3).
Magical Staves
 z - a staff of air
Jewellery
 h - the amulet of Arrival (around neck) {rN+ Regen+}
   (You acquired it in a sewer)

   [amulet of regeneration]

   rN:        It protects you from negative energy.
   Regen:     It increases your rate of health regeneration.
 n - a ring of willpower (left hand)
 u - a ring of protection from cold
 y - a +6 ring of dexterity
 H - the ring "Fylonan" (right hand) {rN+ rCorr Int+3}
   (You found it on level 7 of the Dungeon)

   [ring of resist corrosion]

   Int:       It affects your intelligence (+3).
   rN:        It protects you from negative energy.
   rCorr:     It protects you from acid and corrosion.
 R - a ring of see invisible
Wands
 i - a wand of mindburst (15)
 F - a wand of flame (20)
 K - a wand of iceblast (10)
 N - a wand of paralysis (9)
 P - a wand of quicksilver (6)
Scrolls
 c - 4 scrolls of teleportation
 d - 3 scrolls of identify
 E - a scroll of fog
 O - 2 scrolls of enchant armour
 T - a scroll of blinking {unknown}
Potions
 b - 3 potions of flight
 j - a potion of might
 k - a potion of berserk rage
 l - a potion of haste
 v - 2 potions of heal wounds
 w - 2 potions of invisibility
 A - a potion of ambrosia
 C - 5 potions of brilliance
 G - 3 potions of curing
 S - a potion of mutation {unknown}


   Skills:
 + Level 4.7 Fighting
 + Level 5.0 Short Blades
 + Level 1.8 Axes
 + Level 3.2 Armour
 + Level 6.6 Dodging
 + Level 5.0 Stealth
 + Level 1.9 Shields
 + Level 11.1 Spellcasting


You had 6 spell levels left.
You knew the following spells:

 Your Spells              Type           Power      Damage    Failure   Level
a - Magic Dart            Conj           100%       1d8       1%          1
b - Searing Ray           Conj           100%       2d8       1%          2
c - Dazzling Flash        Conj/Hex       100%       N/A       1%          3
d - Fulminant Prism       Conj/Hex       32%        3d16      1%          4
e - Iskenderun's Mystic   Conj/Tloc      64%        2d13      1%          4
f - Necrotise             Necr           100%       1d9       1%          1
g - Static Discharge      Conj/Air       64%        3-11/arc  1%          2
h - Call Imp              Summ           64%        N/A       1%          2
i - Frozen Ramparts       Ice            100%       1d16      1%          3
j - Corpse Rot            Necr/Pois/Air  64%        N/A       1%          4
Your spell library was empty.

Dungeon Overview and Level Annotations

Branches:
Dungeon (10/15)            Temple (1/1) D:5           Sewer (visited)
   Lair: D:8-11         Orc: D:9-12

Altars:
Ashenzari
Dithmenos
Elyvilon
Fedhas
Gozag
Hepliaklqana
Makhleb
Nemelex Xobeh
Okawaru
Qazlal
Ru
Uskayaw
Wu Jian
Xom
Yredelemnul
Zin
The Shining One


Innate Abilities, Weirdness & Mutations

You are immune to sickness and miasma.
You are immune to poison.
Your flesh is very heat resistant. (rF++)
You are vulnerable to cold. (rC-)
You float through the air rather than walking.
You learn spells naturally, not from books.
Your magical power is your life essence.
You have superior vitality. (+4 MHP)


Message History

You kill the wolf spider!
Qazlal accepts your kill.
Your Spellcasting skill increases to level 11!
Unknown command.
Casting: Iskenderun's Mystic Blast (dangerous; 1% risk of failure)
Confirm with . or Enter, or press ? or * to list all spells.
You erupt in a blast of force!
The mystic blast hits the two-headed ogre!!
The two-headed ogre is almost dead.
The two-headed ogre is knocked back by the mystic blast.
Casting: Iskenderun's Mystic Blast (dangerous; 1% risk of failure)
Confirm with . or Enter, or press ? or * to list all spells.
Aiming: Fulminant Prism (dangerous; 1% risk of failure)
Press: ? - help, Dir - move target You see a ghostly outline there, and the spell fizzles.
Something hits you but does no damage.
Items here: ) [ ††.
Casting: Fulminant Prism (dangerous; 1% risk of failure)
Confirm with . or Enter, or press ? or * to list all spells.
Aiming: Searing Ray (safe; 1% risk of failure)
Press: ? - help, Shift-Dir - straight line, f - two-headed ogre
Aim: a two-headed ogre, wielding two +0 giant clubs (almost dead, 92% to hit)
The searing ray hits something!
Qazlal accepts your kill.
Reactivating autopickup.
You feel a bit more experienced.
The searing ray hits the two-headed ogre!
You kill the two-headed ogre!
Qazlal accepts your kill. (Press . to maintain the ray.)
Your Armour skill increases to level 3!
Your magical contamination has completely faded away.
Things that are here:
a +0 dagger; a +0 robe; an orc corpse A white ugly thing, a hornet, a troll and a centaur warrior simulacrum come into view.
The hornet buzzes angrily.
The white ugly thing bites you! The white ugly thing freezes you!!!
You feel a terrible chill!
Ouch! That really hurt!
You die...

######### #########
#.......###)○.))..#
#.###..))..).)##@)#
#.#
####...####u#..#
#.## #####


Zy# ...# #..# ...T .#.# #..# ..#. .#.# #..## # .. .# # ##..# #. ## #..# ##..#
You could see a white ugly thing, a troll, a hornet and a centaur warrior
simulacrum.

Vanquished Creatures
  3 two-headed ogres (D:10)
  A wolf spider (D:10)
  An ugly thing (D:7)
  A queen bee (D:9)
  A hornet (D:8)
  Sigmund (D:3)
  A shadow (D:9)
  5 yaks (D:10)
  3 wraiths
  A steam dragon (D:8)
  5 vampire mosquitoes
  A warg (shapeshifter) (D:10)
  3 water moccasins (D:7)
  An acid dragon (D:8)
  2 orc warriors
  A sky beast (D:8)
  2 ice beasts
  2 black bears
  2 ogres
  3 centaurs
  3 kobold brigands
  5 bullfrogs
  3 gnoll sergeants
  2 scorpions
  6 wights
  25 killer bees
  4 howler monkeys
  4 jellies
  A gnoll bouda (D:5)
  10 orc priests
  7 hounds
  3 iguanas
  13 orc wizards
  7 adders
  28 gnolls
  9 river rats
  A shadow imp (D:6)
  A white imp (D:7)
  An ufetubus (D:7)
  3 worms
  3 dart slugs
  38 orcs
  9 bats
  6 endoplasms
  4 giant cockroaches
  10 goblins
  5 hobgoblins
  7 jackals
  3 quokkas
  10 ball pythons
  6 frilled lizards
  26 kobolds
  29 rats
332 creatures vanquished.

Vanquished Creatures (others)
  90 fulminant prisms
  10 fungi (D:6)
  15 plants (D:9)
115 creatures vanquished.

Grand Total: 447 creatures vanquished

Notes
Turn   | Place    | Note
-------+----------+-------------------------------------------
     0 | D:1      | javelincjr the Djinni Conjurer began the quest for the Orb.
     0 | D:1      | javelincjr set off with the following spells memorised:
                  | Magic Dart, Searing Ray, Dazzling Flash, Fulminant Prism,
                  | Iskenderun's Mystic Blast.
     0 | D:1      | Reached XP level 1. HP: 15/15 MP: 0/0
   456 | D:1      | Reached XP level 2. HP: 20/21 MP: 0/0
   491 | D:1      | Found a faded altar of an unknown god.
   988 | D:1      | Reached XP level 3. HP: 23/25 MP: 0/0
   988 | D:1      | Learned a level 1 spell: Necrotise
  1494 | D:2      | Reached skill level 4 in Spellcasting
  1502 | D:2      | Reached XP level 4. HP: 22/31 MP: 0/0
  2571 | D:3      | Found a glowing drain.
  2575 | D:3      | Reached XP level 5. HP: 20/36 MP: 0/0
  2575 | D:3      | Learned a level 2 spell: Static Discharge
  2725 | Sewer    | Entered a sewer
  2750 | Sewer    | Reached skill level 1 in Short Blades
  2796 | Sewer    | Noticed a kobold brigand
  2803 | Sewer    | Killed a kobold brigand
  2804 | Sewer    | Reached skill level 1 in Fighting
  2804 | Sewer    | Reached XP level 6. HP: 32/42 MP: 0/0
  3985 | Sewer    | Reached XP level 7. HP: 43/47 MP: 0/0
  3985 | Sewer    | Learned a level 2 spell: Call Imp
  4026 | Sewer    | Identified a scroll of acquirement
  4026 | Sewer    | Acquired the amulet of Arrival {rN+ Regen+}
  4280 | D:3      | Found a sacrificial altar of Ru.
  4472 | D:3      | Noticed Sigmund
  4481 | D:3      | Killed Sigmund
  4482 | D:3      | Reached skill level 5 in Spellcasting
  5044 | D:4      | Reached XP level 8. HP: 34/54 MP: 0/0
  5365 | D:4      | Found a hide-covered altar of Uskayaw.
  5550 | D:5      | Entered Level 5 of the Dungeon
  5650 | D:5      | Found a staircase to the Ecumenical Temple.
  5659 | Temple   | Entered the Ecumenical Temple
  5725 | Temple   | Became a worshipper of Qazlal Stormbringer
  6752 | D:5      | Reached skill level 6 in Spellcasting
  6977 | D:5      | Reached XP level 9. HP: 43/59 MP: 0/0
  6977 | D:5      | Learned a level 3 spell: Frozen Ramparts
  7476 | D:6      | Reached skill level 7 in Spellcasting
  7548 | D:6      | Reached * piety under Qazlal
  7549 | D:6      | Reached skill level 5 in Dodging
  7967 | D:7      | Reached XP level 10. HP: 66/67 MP: 0/0
  7987 | D:7      | Identified the +8 hand axe "Jefoahum" {pain, rPois rC-
                  | rN+++ Dex+4}
  8130 | D:7      | Noticed a red ugly thing
  8133 | D:7      | Reached skill level 8 in Spellcasting
  8217 | D:7      | Reached ** piety under Qazlal
  8322 | D:7      | Identified the ring "Fylonan" {rN+ rCorr Int+3}
  8525 | D:7      | Killed a red ugly thing
  8660 | D:8      | Reached skill level 5 in Short Blades
  8660 | D:8      | Reached skill level 9 in Spellcasting
  8730 | D:8      | Reached skill level 1 in Shields
  8736 | D:8      | Reached skill level 1 in Axes
  8954 | D:8      | Found a broken altar of Ashenzari.
  9072 | D:8      | Reached XP level 11. HP: 72/74 MP: 0/0
  9072 | D:8      | Learned a level 4 spell: Corpse Rot
  9282 | D:9      | Identified the +8 ring mail of Sutoirin {Str+3}
  9463 | D:9      | Reached *** piety under Qazlal
  9596 | D:9      | Reached skill level 10 in Spellcasting
  9824 | D:9      | Reached skill level 1 in Armour
 10045 | D:9      | Reached skill level 5 in Stealth
 10156 | D:10     | Entered Level 10 of the Dungeon
 10156 | D:10     | Found a large runed translucent door.
 10164 | D:10     | Found a large runed translucent door.
 10195 | D:10     | Noticed a two-headed ogre
 10197 | D:10     | Found an opulent altar of Gozag.
 10204 | D:10     | Killed a two-headed ogre
 10312 | D:10     | Noticed a two-headed ogre
 10319 | D:10     | Killed a two-headed ogre
 10346 | D:10     | Reached **** piety under Qazlal
 10410 | D:10     | Noticed a wolf spider
 10411 | D:10     | Noticed a two-headed ogre
 10416 | D:10     | Killed a wolf spider
 10417 | D:10     | Reached skill level 11 in Spellcasting
 10420 | D:10     | Killed a two-headed ogre
 10422 | D:10     | Noticed a white ugly thing
 10422 | D:10     | Slain by a white ugly thing

Illustrated notes

Levels and vault maps discovered:
D:1:      lemuel_arrival_muddy, layout_loops_ring,
          shapermc_ecumenical_altar_mp_highgroup
D:2:      layout_loops_ring
D:3:      layout_basic, old_standard_altar, portal_sewer_entry_c,
          minmay_misc_feat_rows, st_stairs_11, uniq_sigmund
D:4:      layout_gridville, mainiacjoe_overflow_24_doors, kennysheep_orc_chapel
D:5:      layout_loops_ring, minmay_temple_entry_grid, grunt_tough_drop
D:6:      layout_basic, dreamdust_gnoll_farm
D:7:      layout_rooms, grunt_potential
D:8:      layout_cave_pools, mainiacjoe_overflow_catwalk, serial_column_ruins,
          column_ruins_hut_pillars, column_ruins_open_small,
          column_ruins_corridor_water, column_ruins_columns_corner,
          column_ruins_open_medium, column_ruins_open_tiny, amethyst_killhole
D:9:      layout_irregular_city, nicolae_concentric_dashed_squares_mild,
          nicolae_looking_at_the_future
D:10:     layout_rooms, cheibriados_altar_1, lemuel_crystal_altar,
          jmf_multi_god_temple2, minmay_pinched_square, uniq_erolcha
Temple:   nicolae_temple_bog_church

Skill      XL: |  1  2  3  4  5  6  7  8  9 10 11 |
---------------+----------------------------------+-----
Spellcasting   | 4 5 6 7 9 11 | 11.1
Short Blades   | 1 2 3 4 5 |  5.0
Dodging        | 3 4 5 6 |  6.6
Fighting       | 1 2 3 4 |  4.7
Stealth        | 2 3 4 5 |  5.0
Shields        | 1 |  1.9
Axes           | 1 |  1.8
Armour         | 3 |  3.2

Action                   |  1- 3 |  4- 6 |  7- 9 | 10-12 || total
-------------------------+-------+-------+-------+-------++-------
Melee: Unarmed           |     1 |       |       |       ||     1
       Dagger            |    23 |       |       |       ||    23
       Short sword       |     6 |   124 |    76 |     4 ||   210
       Hand axe          |       |       |       |    17 ||    17
       Punch             |       |       |       |     1 ||     1
 Cast: Magic Dart        |    29 |    31 |    67 |    20 ||   147
       Searing Ray       |     3 |    22 |    26 |    29 ||    80
       Necrotise         |       |    11 |       |       ||    11
       Fulminant Prism   |       |       |    35 |    56 ||    91
       Iskenderun's Myst |       |       |     9 |    27 ||    36
       Call Imp          |       |       |     2 |     2 ||     4
       Frozen Ramparts   |       |       |     1 |     1 ||     2
  Use: Scroll            |     3 |     2 |    10 |     1 ||    16
       Potion            |       |       |     8 |     1 ||     9
 Stab: Sleeping          |     1 |       |     3 |       ||     4
Armor: Robe              |    15 |    43 |    23 |     9 ||    90
       Ring mail         |       |       |       |    15 ||    15
Dodge: Dodged            |    27 |   101 |    64 |    74 ||   266
Block: Other             |       |       |     1 |    10 ||    11
